 Dungeon Crawl Stone Soup version 0.29.1-1-gd02db6906a (webtiles) character file.

Game seed: 2336830271770796701

53000 MeatBomb the Severer (level 14, -5/133 HPs)
             Began as a Minotaur Berserker on Sept 23, 2022.
             Was the Champion of Trog.
             Shot with an arrow by Nessos (12 damage)
             ... on level 2 of the Orcish Mines.
             The game lasted 02:03:28 (18294 turns).

MeatBomb the Severer (Minotaur Berserker)          Turns: 18294, Time: 02:03:29

Health: -5/133     AC: 30    Str: 27    XL:     14   Next: 29%
Magic:  13/13      EV:  8    Int:  4    God:    Trog [******]
Gold:   1017       SH: 11    Dex: 10    Spells: 13/13 levels left

rFire   + . .      SeeInvis .   a - +1 war axe (venom)
rCold   . . .      Faith    .   j - +1 kite shield {AC+3}
rNeg    . . .      Spirit   .   B - +1 plate armour {rF+}
rPois   .          Reflect  .   (helmet restricted)
rElec   .          Harm     .   (no cloak)
rCorr   .          Rampage  .   M - +0 pair of gloves
Will    +....                   (no boots)
Stlth   ..........              f - amulet of regeneration
HPRegen 1.12/turn               k - +4 ring of protection
MPRegen 0.13/turn               N - +4 ring of protection

@: lethally poisoned (-5 -> -13), on berserk cooldown, slowed, very slow
A: horns 2, retaliatory headbutt
a: Renounce Religion, Berserk, Trog's Hand, Brothers in Arms


You were on level 2 of the Orcish Mines.
You worshipped Trog.
Trog was exalted by your worship.
You visited 4 branches of the dungeon, and saw 19 of its levels.

You collected 1754 gold pieces.
You spent 737 gold pieces at shops.

Inventory:

Hand Weapons
 a - a +1 war axe of venom (weapon)
 b - a +2 morningstar of protection
 c - a +6 vorpal hand axe
 y - a +2 hand axe of freezing
Missiles
 i - 26 poisoned darts
 D - 18 boomerangs (quivered)
 J - 2 silver boomerangs
 L - a curare-tipped dart
 V - a throwing net
Armour
 e - a +3 leather armour
 j - a +1 kite shield of protection (worn)
 B - a +1 plate armour of fire resistance (worn)
 M - a +0 pair of gloves (worn)
Jewellery
 f - an amulet of regeneration (around neck)
 k - a +4 ring of protection (left hand)
 z - a ring of see invisible
 N - a +4 ring of protection (right hand)
 W - a ring of fire
 Y - a ring of ice
Wands
 n - a wand of charming (18)
 q - a wand of digging (7)
 E - a wand of iceblast (6)
 P - a wand of polymorph (8)
 U - a wand of flame (1)
Scrolls
 d - 5 scrolls of enchant armour
 m - 5 scrolls of blinking
 o - 7 scrolls of teleportation
 p - 5 scrolls of magic mapping
 r - 4 scrolls of identify
 w - 3 scrolls of fear
 G - 6 scrolls of fog
 I - 5 scrolls of enchant weapon
 K - 2 scrolls of poison
 S - 4 scrolls of immolation
 T - a scroll of acquirement
 Z - a scroll of summoning
Potions
 g - 4 potions of lignification
 h - 10 potions of curing
 l - 2 potions of flight {unknown}
 s - 2 potions of attraction
 t - 2 potions of ambrosia
 u - 6 potions of heal wounds
 v - a potion of resistance
 x - a potion of might
 C - a potion of cancellation
 F - a potion of berserk rage
 H - 2 potions of mutation
 X - a potion of invisibility
Miscellaneous
 O - a tin of tremorstones (inert)


   Skills:
 + Level 14.3 Fighting
 - Level 16.0 Axes
 + Level 8.1 Throwing
 + Level 14.7 Armour
 - Level 5.0 Dodging
 - Level 10.0 Shields
 + Level 5.6 Evocations


You had 13 spell levels left.
You didn't know any spells.
Your spell library was empty.

Dungeon Overview and Level Annotations

Branches:
Dungeon (11/15)            Temple (1/1) D:4            Lair (5/5) D:8
  Swamp (0/4) Lair:3       Spider (0/4) Lair:2        Slime (0/5) Lair:5
    Orc (2/2) D:11
    Elf: Orc:2

Altars:
Ashenzari
Cheibriados
Dithmenos
Elyvilon
Fedhas
Gozag
Hepliaklqana
Kikubaaqudgha
Makhleb
Nemelex Xobeh
Okawaru
Qazlal
Ru
Sif Muna
Trog
Uskayaw
Vehumet
Wu Jian
Xom
Yredelemnul
Zin
The Shining One

Shops:
D:1 [   D:8 [

Annotations:
D:7 exclusion: oklob plant
Lair:3 3 runed translucent doors, Fractals's ghost, journeyman DrAr
Orc:2 Nessos


Innate Abilities, Weirdness & Mutations

You have a pair of horns on your head.
You reflexively headbutt those who attack you in melee.


Message History

Found a stone staircase leading up.
You feel a strong urge to attack something.
You feel sick.
Nessos wields a +3 longbow of flaming.
It bursts into flame!
Nessos shoots an arrow.
You block the arrow.
Found 11 gold pieces.
You are no longer berserk.
You are exhausted.
You feel yourself slow down.
You feel sick.
Nessos casts a spell.
Nessos blinks!
You feel sick.
Nessos shoots an arrow.
You block the arrow.
Nessos shoots an arrow.
The arrow hits you!
Nessos shoots an arrow.
The arrow hits you! The arrow burns you.
You are more poisoned.
You feel extremely sick.
Nessos shoots an arrow.
The arrow misses you.
Nessos shoots an arrow.
You block the arrow.
Nessos shoots an arrow.
The arrow hits you.
* * * LOW HITPOINT WARNING * * *
The arrow burns you.
* * * LOW HITPOINT WARNING * * *
You feel very sick.
Nessos mumbles some strange words.
Nessos blinks!
Nessos shoots an arrow.
The arrow hits you!
* * * LOW HITPOINT WARNING * * *
The arrow burns you.
You are lethally poisoned!
* * * LOW HITPOINT WARNING * * *
Nessos shoots an arrow.
You block the arrow.
* * * LOW HITPOINT WARNING * * *
You feel extremely sick.
Nessos shoots an arrow.
The arrow barely misses you.
Nessos mumbles some strange words.
Nessos blinks!
Nessos gestures wildly while chanting.
Nessos blinks!
Found 13 gold pieces.
* * * LOW HITPOINT WARNING * * *
You feel extremely sick.
Nessos shoots an arrow.
The arrow hits you!
You die...

...#.............
...§c......$..... $
...........<....
$....................
##......#.............
#........#.§........##
#........##.....#....#
#.....................
#.........#@.......#..
##...<............###.#
#............$...##.#.#
#......................
##.#..................#
#.......).#))........### ..
##.....#)..)#...........#. .
#......))..).##.............
##.#.#....#)##....##.#......


You could see Nessos (fast, very poisoned).

Vanquished Creatures
  2 orc warlords
  Fannar (D:10)
  2 hydras
  6 catoblepae (Lair:5)
  An anaconda (Lair:5)
  3 two-headed ogres
  6 death yaks (Lair:5)
  2 orc high priests (Orc:1)
  3 orc knights (Orc:1)
  An orc sorcerer (Orc:1)
  A cyclops (D:11)
  2 manticores (Lair:5)
  10 elephants
  3 black mambas
  3 torpor snails
  9 cane toads
  4 rime drakes
  11 komodo dragons
  A meliai (Lair:2)
  3 polar bears
  4 trolls
  Grinder (D:4)
  6 dream sheep (Lair:5)
  A slime creature (Lair:5)
  3 blink frogs (Lair:5)
  A wraith (D:9)
  10 wyverns
  A shadow (D:11)
  55 yaks
  3 basilisks
  Eustachio (D:4)
  A steam dragon (D:7)
  2 vampire mosquitoes (D:10)
  Menkaure (D:4)
  An acid dragon (D:10)
  2 wargs
  Duvessa (D:4)
  14 water moccasins
  34 orc warriors
  A sky beast (D:3)
  An ice beast (D:6)
  2 black bears
  6 ogres
  3 wolves (Lair:5)
  3 centaurs
  4 phantoms
  Blork the orc (D:6)
  A kobold brigand (D:7)
  8 bullfrogs
  2 necrophages
  5 scorpions
  5 wights
  Dowan (D:4)
  8 killer bees
  A vampire bat (Lair:2)
  A howler monkey (D:10)
  A crimson imp (D:10)
  11 jellies
  3 gnoll boudas
  5 hounds
  10 orc priests
  Terence (D:2)
  2 iguanas
  17 orc wizards
  Ijyb (D:5)
  13 gnolls
  8 adders
  3 white imps
  An ufetubus (D:7)
  2 worms
  The ghost of Dazliare the Sneak, a weakling NaDe of Okawaru (D:5)
  5 dart slugs
  51 orcs
  10 ball pythons
  20 endoplasms
  3 giant cockroaches
  6 goblins
  6 hobgoblins
  2 jackals (D:4)
  3 quokkas
  10 bats
  4 frilled lizards
  15 kobolds
  3 rats
486 creatures vanquished.

Vanquished Creatures (others)
  A dream sheep (Lair:5)
  38 fungi
  51 plants
  2 withered plants (D:1)
92 creatures vanquished.

Grand Total: 578 creatures vanquished

Notes
Turn   | Place    | Note
-------+----------+-------------------------------------------
     0 | D:1      | MeatBomb the Minotaur Berserker began the quest for the
                  | Orb.
     0 | D:1      | Reached XP level 1. HP: 19/19 MP: 0/0
    50 | D:1      | Reached skill level 4 in Axes
    61 | D:1      | Reached XP level 2. HP: 6/26 MP: 1/1
   381 | D:1      | Found a radiant altar of Vehumet.
   387 | D:1      | Found a faded altar of an unknown god.
   515 | D:1      | Reached ** piety under Trog
   721 | D:1      | Reached skill level 5 in Axes
   736 | D:1      | Found Esod's Antique Armour Shoppe.
   790 | D:1      | Reached XP level 3. HP: 31/31 MP: 2/2
  1423 | D:2      | Noticed Terence
  1443 | D:2      | Killed Terence
  1892 | D:3      | Reached XP level 4. HP: 39/39 MP: 3/3
  1942 | D:3      | Reached skill level 6 in Axes
  2576 | D:3      | Reached skill level 7 in Axes
  2576 | D:3      | Reached XP level 5. HP: 23/45 MP: 2/4
  2798 | D:4      | Noticed Grinder
  2798 | D:4      | Noticed Eustachio
  2834 | D:4      | Noticed a sky beast
  2856 | D:3      | Killed a sky beast
  2857 | D:3      | Reached skill level 8 in Axes
  2890 | D:4      | Found a staircase to the Ecumenical Temple.
  2904 | D:4      | Reached XP level 6. HP: 46/51 MP: 3/5
  3020 | D:4      | Noticed Duvessa
  3036 | D:4      | Killed Duvessa
  3037 | D:4      | Reached skill level 9 in Axes
  3132 | D:4      | Killed Eustachio
  3133 | D:4      | Reached XP level 7. HP: 50/57 MP: 4/6
  3177 | D:4      | Paralysed by Grinder for 3 turns
  3183 | D:4      | Killed Grinder
  3184 | D:4      | Reached skill level 10 in Axes
  3242 | D:4      | Found a sparkling altar of Nemelex Xobeh.
  3247 | D:4      | Reached *** piety under Trog
  3256 | D:4      | Noticed Menkaure
  3262 | D:4      | Killed Menkaure
  3263 | D:4      | Reached skill level 11 in Axes
  3367 | D:4      | Noticed Dowan
  3376 | D:4      | Killed Dowan
  3801 | D:4      | Found a sacrificial altar of Ru.
  3852 | D:4      | Noticed a shadow
  3853 | D:4      | Found a shadowy altar of Dithmenos.
  3854 | D:4      | Found a hazy altar of Hepliaklqana.
  3997 | D:5      | Entered Level 5 of the Dungeon
  4001 | D:5      | Reached XP level 8. HP: 64/64 MP: 7/7
  4056 | D:5      | Reached skill level 12 in Axes
  4142 | D:5      | Found a runed translucent door.
  4143 | D:5      | Noticed Dazliare's ghost (weakling NaDe)
  4161 | D:5      | Killed Dazliare's ghost
  4264 | D:5      | Reached skill level 13 in Axes
  4438 | D:5      | Noticed Ijyb
  4439 | D:5      | Found a shimmering blue altar of Sif Muna.
  4470 | D:5      | Killed Ijyb
  5035 | D:6      | Reached **** piety under Trog
  5036 | D:6      | Reached skill level 14 in Axes
  5163 | D:6      | Reached XP level 9. HP: 66/70 MP: 6/8
  5262 | D:6      | Noticed Blork the orc
  5272 | D:6      | Killed Blork the orc
  5406 | D:6      | Reached skill level 5 in Armour
  5488 | D:6      | Identified the +1 leather armour "Fuvvyr" {Will+ Str+3
                  | Dex+3}
  5641 | D:6      | Found a hide-covered altar of Uskayaw.
  6140 | D:7      | Found an opulent altar of Gozag.
  6390 | D:7      | Reached skill level 5 in Fighting
  6612 | D:7      | Noticed an oklob plant
  6643 | D:7      | Reached skill level 15 in Axes
  7189 | D:8      | Found a staircase to the Lair.
  7205 | D:8      | Reached XP level 10. HP: 79/83 MP: 9/9
  7267 | D:8      | Reached ***** piety under Trog
  7653 | D:8      | Found Ojee's Antique Armour Shop.
  7697 | D:8      | Found an iron altar of Okawaru.
  7886 | D:8      | Reached skill level 16 in Axes
  8096 | D:9      | Found an ancient bone altar of Kikubaaqudgha.
  8412 | D:9      | Noticed a two-headed ogre
  8422 | D:9      | Killed a two-headed ogre
  8636 | D:9      | Reached XP level 11. HP: 92/97 MP: 10/10
  8647 | D:9      | Reached skill level 10 in Armour
  8807 | D:9      | Found a stormy altar of Qazlal.
  8813 | D:9      | Found a glowing golden altar of the Shining One.
  8814 | D:9      | Found a snail-covered altar of Cheibriados.
  8816 | D:9      | Found a basalt altar of Yredelemnul.
  8857 | D:10     | Entered Level 10 of the Dungeon
  9071 | D:10     | Reached skill level 10 in Fighting
  9244 | D:10     | Found a burning altar of Makhleb.
  9244 | D:10     | Found a radiant altar of Vehumet.
  9432 | D:10     | Noticed Fannar
  9455 | D:10     | Killed Fannar
 10035 | D:1      | Bought a shiny plate armour for 520 gold pieces
 10528 | Temple   | Entered the Ecumenical Temple
 10742 | Lair:1   | Entered Level 1 of the Lair of Beasts
 11033 | D:8      | Bought a shiny kite shield for 217 gold pieces
 11121 | Lair:1   | Reached skill level 1 in Throwing
 11121 | Lair:1   | Reached skill level 1 in Shields
 11206 | Lair:1   | Noticed a seven-headed hydra
 11251 | Lair:1   | Killed a 13-headed hydra
 11304 | Lair:1   | Identified the +8 arbalest of Wondrous Power {freeze, Fly
                  | rF++ rC+++ Dex-5}
 11844 | Lair:2   | Found a hole to the Spider Nest.
 11857 | Lair:2   | You fall into a shaft and drop 2 floors!
 12066 | Lair:2   | Reached skill level 5 in Shields
 12248 | Lair:2   | Reached XP level 12. HP: 107/110 MP: 11/11
 12992 | Lair:3   | Noticed a five-headed hydra
 13005 | Lair:3   | Killed a 13-headed hydra
 13126 | Lair:3   | Found a staircase to the Swamp.
 13365 | Lair:3   | Found a runed translucent gate.
 13366 | Lair:3   | Found a runed translucent gate.
 13367 | Lair:3   | Found a runed translucent gate.
 13369 | Lair:3   | Noticed Fractals's ghost (journeyman DrAr)
 13754 | Lair:4   | Reached skill level 5 in Throwing
 14631 | Lair:5   | Entered Level 5 of the Lair of Beasts
 14760 | Lair:5   | Found a staircase to the Slime Pits.
 14764 | Lair:5   | Noticed a catoblepas
 14793 | Lair:5   | Killed a catoblepas
 14794 | Lair:5   | Reached skill level 1 in Evocations
 14798 | Lair:5   | Reached XP level 13. HP: 119/119 MP: 12/12
 14867 | Lair:5   | Identified a scroll of acquirement
 15079 | Lair:5   | Reached skill level 10 in Shields
 15394 | Lair:5   | Reached skill level 5 in Dodging
 16794 | D:11     | Found a staircase to the Orcish Mines.
 17012 | Orc:1    | Entered Level 1 of the Orcish Mines
 17022 | Orc:1    | Reached ****** piety under Trog
 17066 | Orc:1    | Received a gift from Trog
 17095 | Orc:1    | Reached XP level 14. HP: 29/130 MP: 13/13
 17099 | Orc:1    | HP: 4/195 [orc priest/divine providence (12)]
 17225 | Orc:1    | Noticed an orc warlord
 17253 | Orc:1    | Killed an orc warlord
 17254 | Orc:1    | Reached skill level 5 in Evocations
 18089 | Orc:2    | Entered Level 2 of the Orcish Mines
 18179 | Orc:2    | Noticed an orc warlord
 18197 | Orc:2    | Killed an orc warlord
 18227 | Orc:2    | Noticed Nessos
 18294 | Orc:2    | Shot with an arrow by Nessos

Illustrated notes

Levels and vault maps discovered:
D:1:      nicolae_arrival_somewhat_less_tricky_arrival, layout_loops_cross,
          ebering_ecumenical_altar_petrified, serial_shops,
          nicolae_diamond_shop, minmay_hexomino_r4
D:2:      layout_rooms, uniq_terence
D:3:      layout_loops_ring, dreamdust_princess_bridge
D:4:      layout_basic, riverfiend_overflow_shadow_ancestor, lemuel_round_altar,
          nicolae_ru_path_of_blood, minmay_temple_entry_gardened_gates,
          eino_tiny_chamber, uniq_menkaure, uniq_grinder, uniq_duvessa,
          uniq_eustachio
D:5:      layout_rooms, amcnicky_altar_gilded, ebering_ghost_inner_flame,
          uniq_ijyb
D:6:      layout_rooms, mainiacjoe_overflow_chevrons, uniq_blork_the_orc
D:7:      lemuel_slime, layout_gridville,
          mainiacjoe_overflow_concentric_impassable, kennysheep_generic_room_13
D:8:      layout_loops_ring, okawaru_altar_gauntlet_db,
          due_lair_maze_entry_diamond, serial_shops, nicolae_shop_waterfront
D:9:      layout_loops_ring, kiku_gazebo_pond_becter, minitemple,
          grunt_ministairs_1
D:10:     layout_roguey, grunt_temple_overflow_lords_of_destruction, uniq_fannar
D:11:     layout_loops_ring, orc_0_dummy
Temple:   nicolae_temple_superstar
Lair:1:   layout_regular_city, chequers_serial_rivers_room_a
Lair:2:   layout_small_grid, hellmonk_spider_entry_not_the_bees, roderic_batcave
Lair:3:   layout_hall_layers, swamp_mist, gammafunk_ghost_necromancy
Lair:4:   layout_regular_city
Lair:5:   evilmike_catoblepas_cave, layout_regular_city,
          minmay_slime_entry_pillars, st_stairs_12, hangedman_lair_generics_rect
Orc:1:    orc_temple, layout_caves
Orc:2:    st_orc_open, layout_caves, uniq_nessos

Skill      XL: |  1  2  3  4  5  6  7  8  9 10 11 12 13 14 |
---------------+-------------------------------------------+-----
Axes           | 4 5 7 8 9 11 14 15 16 | 16.0
Armour         | 3 6 9 11 13 14 | 14.7
Fighting       | 5 9 11 12 13 14 | 14.3
Throwing       | 3 5 7 8 |  8.1
Shields        | 5 9 10 | 10.0
Dodging        | 3 5 |  5.0
Evocations     | 1 4 5 |  5.6

Action                   |  1- 3 |  4- 6 |  7- 9 | 10-12 | 13-15 || total
-------------------------+-------+-------+-------+-------+-------++-------
Melee: Hand axe          |    78 |   116 |   213 |       |       ||   407
       Headbutt          |     8 |    13 |    79 |   154 |   124 ||   378
       Punch             |     1 |       |     8 |     7 |       ||    16
       War axe           |       |       |   183 |   608 |   460 ||  1251
       Unarmed           |       |       |       |     6 |       ||     6
Throw: Stone             |    16 |     1 |    17 |    20 |       ||    54
       Boomerang         |     6 |       |       |    31 |    86 ||   123
Invok: Berserk           |       |     1 |     5 |     9 |     5 ||    20
Evoke: Wand              |       |       |       |       |     2 ||     2
       Tin of tremorston |       |       |       |       |     2 ||     2
  Use: Scroll            |     1 |     2 |    10 |    16 |     1 ||    30
 Stab: Petrified         |       |       |       |     9 |     4 ||    13
Armor: Animal skin       |     9 |       |       |       |       ||     9
       Scale mail        |     4 |    53 |       |       |       ||    57
       Plate armour      |       |     5 |   184 |   344 |   272 ||   805
Dodge: Dodged            |    37 |    42 |   113 |   149 |   100 ||   441
Block: Kite shield       |       |       |       |   156 |   232 ||   388
